 Dungeon Crawl Stone Soup version 0.23-a0-315-ga85b81c (webtiles) character file.

31086 FrankyJ the Thaumaturge (level 13, -1/78 HPs)
             Began as a Gargoyle Venom Mage on Sept 27, 2018.
             Was an Elder of Vehumet.
             Slain by a harpy (9 damage)
             ... summoned by Kirke
             ... on level 5 of the Lair of Beasts on Oct 13, 2018.
             The game lasted 02:00:39 (22877 turns).

FrankyJ the Thaumaturge (Gargoyle Venom Mage)      Turns: 22877, Time: 02:00:40

Health: -1/78      AC:  0    Str: 15    XL:     13   Next: 55%
Magic:  14/28      EV: 19    Int: 18    God:    Vehumet [****..]
Gold:   754        SH:  0    Dex: 10    Spells: 2/34 levels left

rFire    . . .     SeeInvis .   (weapon currently unavailable)
rCold    . . .     Gourm    .   (shield currently unavailable)
rNeg     + . .     Faith    .   (armour currently unavailable)
rPois    ∞         Spirit   .   (helmet currently unavailable)
rElec    .         Reflect  .   (cloak currently unavailable)
rCorr    .         Harm     .   (gloves currently unavailable)
MR       .....                  (boots currently unavailable)
Stlth    ++........             F - amulet of magic regeneration
HPRegen  0.23/turn              (ring currently unavailable)
MPRegen  0.46/turn              (ring currently unavailable)

@: pig-form, very quick
A: small, negative energy resistance 1, petrification resistance, rot immunity,
AC +9
a: Renounce Religion


You were on level 5 of the Lair of Beasts.
You worshipped Vehumet.
Vehumet was greatly pleased with you.
You were not hungry.
You were a filthy swine.
You visited 3 branches of the dungeon, and saw 15 of its levels.
You also visited: Sewer.

You collected 754 gold pieces.

Inventory:

Hand Weapons
 y - a +0 blowgun
 D - the +4 quarterstaff "Weur Ezate" (melded) {drain, *Contam *Slow Str+7 SInv}
   (You found it on level 6 of the Dungeon)

   A truly terrible weapon, it drains the life of those it strikes.
   It affects your strength (+7).
   It lets you see invisible.
   It causes magical contamination when unequipped.
   It may slow you when you take damage.
Missiles
 v - 45 poisoned needles
 P - 3 tomahawks (quivered)
 X - 9 curare-tipped needles
Armour
 k - a +0 leather armour (melded)
 w - a +0 helmet (melded)
 B - a +0 pair of gloves (melded)
 C - the +0 pair of boots of Ydiutson (melded) {Dex+4}
   (You found it on level 6 of the Dungeon)

   It affects your dexterity (+4).
 M - the +11 chain mail "Buer Nic" {*Slow rElec MR+ SInv}
   (You took it off an orc warrior on level 8 of the Dungeon)

   It insulates you from electricity.
   It affects your resistance to hostile enchantments.
   It lets you see invisible.
   It may slow you when you take damage.
 Q - a +1 cloak of invisibility (melded)
Magical Staves
 U - an uncursed staff of summoning {unknown}
Jewellery
 b - a ring of protection from fire (melded)
 f - an uncursed ring of ice
 q - the ring of Jenlowam (melded) {+Fly rPois Str+4 SInv}
   (You took it off a crimson imp on level 6 of the Dungeon)

   [ring of strength]

   It affects your strength (+4).
   It protects you from poison.
   It lets you see invisible.
   It lets you fly.
 r - an uncursed ring of stealth {unknown}
 F - an amulet of magic regeneration (around neck)
 J - a +2 ring of slaying {unknown}
 N - an uncursed ring of ice
 O - a cursed -3 ring of protection {unknown}
 Y - an uncursed ring of flight {unknown}
 Z - an uncursed amulet of magic regeneration
Wands
 g - a wand of enslavement (6)
 p - a wand of flame (33)
 t - a wand of disintegration (11)
 z - a wand of scattershot (16)
 I - a wand of polymorph (14)
 K - a wand of paralysis (14)
Scrolls
 d - 4 scrolls of magic mapping
 e - 4 scrolls of enchant armour
 h - a scroll of fog
 i - 6 scrolls of remove curse
 l - a scroll of amnesia
 x - 14 scrolls of identify
 G - 4 scrolls of teleportation
 H - 3 scrolls of enchant weapon
 S - 2 scrolls of blinking
 T - a scroll of fear
Potions
 a - 2 potions of heal wounds {unknown}
 j - 6 potions of curing
 m - 3 potions of agility
 n - a potion of might {unknown}
 o - a potion of cancellation {unknown}
 s - a potion of flight {unknown}
 A - 3 potions of degeneration {unknown}
 E - a potion of mutation {unknown}
 L - a potion of ambrosia {unknown}
 R - 4 potions of lignification {unknown}
 W - a potion of berserk rage {unknown}
Miscellaneous
 u - a sack of spiders
Comestibles
 c - 31 rations
 V - a chunk of flesh


   Skills:
 - Level 8.0 Fighting
 - Level 4.0 Armour
 + Level 10.8 Dodging
 - Level 2.1 Stealth
 - Level 11.0 Spellcasting
 - Level 9.0 Conjurations
 + Level 0.5 Ice Magic
 - Level 7.1 Air Magic
 - Level 5.0 Poison Magic


You had 2 spell levels left.
You knew the following spells:

 Your Spells              Type           Power        Failure   Level  Hunger
a - Freezing Cloud        Conj/Ice/Air   ####......   28%         6    ######.
b - Poisonous Vapours     Pois/Air       ####..       1%          2    None
c - Venom Bolt            Conj/Pois      #####.....   3%          5    #####..
d - Olgreb's Toxic Radia  Pois           ####....     2%          4    ##.....
e - Fulminant Prism       Conj/Hex       ####......   3%          4    ##.....
f - Mephitic Cloud        Conj/Pois/Air  #####...     1%          3    None
g - Shock                 Conj/Air       ####         1%          1    None
j - Blink                 Tloc           N/A          11%         2    None
k - Lee's Rapid Deconstr  Erth           #.........   43%         5    #####..

Your spell library contained the following spells:

 Spells                   Type           Power        Failure   Level  Hunger
 Poison Arrow             Conj/Pois      #####.....   16%         6    ######.
 Freeze                   Ice            ##..         1%          1    None
 Magic Dart               Conj           ####         1%          1    None
 Sting                    Conj/Pois      ####         1%          1    None
 Throw Frost              Conj/Ice       ####..       1%          2    None
 Animate Skeleton         Necr           N/A          7%          1    None
 Corona                   Hex            #......      7%          1    None
 Pain                     Necr           #...         7%          1    None
 Ensorcelled Hibernation  Hex/Ice        ##....       10%         2    None
 Call Imp                 Summ           #.......     11%         2    None
 Slow                     Hex            #.......     11%         2    None
 Conjure Flame            Conj/Fire      ####....     1%          3    None
 Dazzling Spray           Conj/Hex       ####..       1%          3    None
 Throw Icicle             Conj/Ice       ####....     2%          4    ##.....
 Ozocubu's Armour         Chrm/Ice       ##......     19%         3    None
 Confuse                  Hex            #.......     22%         3    None
 Regeneration             Chrm/Necr      #.........   22%         3    None
 Tukima's Dance           Hex            #.......     22%         3    None
 Vampiric Draining        Necr           #.........   22%         3    None
 Bolt of Cold             Conj/Ice       ####......   36%         6    ######.
 Ice Form                 Ice/Tmut       ##......     54%         4    ##.....
 Summon Ice Beast         Ice/Summ       ##......     54%         4    ##.....
 Animate Dead             Necr           N/A          56%         4    ##.....
 Metabolic Englaciation   Hex/Ice        ##........   87%         5    #####..
 Ozocubu's Refrigeration  Ice            ##........   88%         6    ######.
 Simulacrum               Ice/Necr       ##........   100%        6    ######.


Dungeon Overview and Level Annotations

Branches:
Dungeon (9/15)             Temple (1/1) D:4            Lair (5/6) D:9
  Swamp (0/4) Lair:2       Spider (0/4) Lair:4          Orc (0/2) D:9
  Slime: Lair:5-6

Altars:
Ashenzari
Cheibriados
Dithmenos
Elyvilon
Fedhas
Gozag
Hepliaklqana
Kikubaaqudgha
Makhleb
Nemelex Xobeh
Okawaru
Qazlal
Ru
Sif Muna
Trog
Uskayaw
Vehumet
Wu Jian
Xom
Yredelemnul
Zin
The Shining One
Beogh

Annotations:
Lair:2 exclusion: 4 oklob plants
Lair:5 Kirke


Innate Abilities, Weirdness & Mutations

You are resistant to torment.
((Your stone body is resilient. (AC +9)))
You are immune to poison.
You resist negative energy. (rN+)
((You are resistant to electric shocks. (rElec)))
((You can survive without breathing.))
You are immune to petrification.
You are immune to rotting.


Message History

Kirke flickers and vanishes!
Deactivating autopickup; reactivate with Ctrl-A.
The harpy closely misses you. x2
The harpy screeches!
The harpy claws you. The harpy misses you.
Something summons a sphinx!
The harpy misses you. The harpy claws you! The harpy closely misses you.
The harpy claws you!
The harpy screeches!
The harpy closely misses you. The harpy claws you!
The harpy closely misses you. The harpy claws you!
The harpy screeches!
The harpy closely misses you. The harpy claws you!
* * * LOW HITPOINT WARNING * * *
The harpy claws you!
* * * LOW HITPOINT WARNING * * *
The harpy barely misses you.
Okay, then.
There is a stone staircase leading up here.
The harpy barely misses you. The harpy claws you!
You die...

###PhP...............##
## #............P..#..##
#.###.................#.
##.#............ ... .#
#.#............. ...
#............... ..
#................ ..
#...........#.... ..
##.[....h.......# ..
#.......HH......# ..
##.........?..... ..
#.....hh>....... ..
##..........#.... ..
#............... ..
#.............. ..
#..H...........
##..............


You could see a sphinx, 2 harpies and 2 hogs.

Vanquished Creatures
  Snorg (Lair:5)
  3 hydras
  3 death yaks
  The ghost of minmay the Thrower, a novice OgWn of Okawaru (D:8)
  A fire crab (Lair:4)
  Sonja (Lair:2)
  Pikel (D:5)
  2 rime drakes
  7 spiny frogs
  3 komodo dragons
  A polar bear (Lair:5)
  2 bog bodies (Lair:2)
  12 blink frogs
  4 hippogriffs
  Grinder (D:6)
  7 dream sheep
  A shadow (D:8)
  4 wyverns
  27 yaks
  A hungry ghost (D:9)
  2 basilisks
  A hog (Lair:4)
  4 wargs
  A steam dragon (Lair:3)
  2 swamp worms (Lair:2)
  26 water moccasins
  A swamp drake (Lair:2)
  13 porcupines
  7 orc warriors
  A black bear (D:6)
  5 ice beasts
  2 phantoms
  9 wolves
  2 ogres (D:8)
  2 centaurs
  7 crocodiles
  3 big kobolds
  12 bullfrogs
  A wyvern skeleton (D:8)
  A scorpion (D:6)
  6 electric eels
  4 howler monkeys
  7 crimson imps
  A bullfrog zombie (D:5)
  2 jellies
  A hound (D:4)
  7 orc priests
  5 bullfrog skeletons
  A centaur skeleton (D:8)
  10 orc wizards
  3 iguanas
  2 worker ants
  A hound skeleton (D:7)
  30 adders
  7 gnolls
  2 oozes (D:2)
  2 adder skeletons
  4 worms
  3 dart slugs
  10 leopard geckos
  52 orcs
  12 bats
  7 giant cockroaches
  17 goblins
  7 hobgoblins
  13 jackals
  22 kobolds
  4 quokkas
  4 ball pythons
  8 frilled lizards
  A jackal skeleton (D:8)
  2 leopard gecko skeletons
  A leopard gecko zombie (D:7)
  A quokka zombie (D:8)
  13 rats
  A plant (Lair:2)
458 creatures vanquished.

Vanquished Creatures (others)
  An ice beast (D:5)
  31 fulminant prisms
  3 fungi
35 creatures vanquished.

Grand Total: 493 creatures vanquished

Notes
Turn   | Place    | Note
-------+----------+-------------------------------------------
     0 | D:1      | FrankyJ the Gargoyle Venom Mage began the quest for the
                  | Orb.
     0 | D:1      | Reached XP level 1. HP: 10/10 MP: 3/3
    96 | D:1      | Reached XP level 2. HP: 10/15 MP: 0/5
   929 | D:1      | Reached XP level 3. HP: 19/19 MP: 4/6
  1999 | D:2      | Reached skill level 1 in Fighting
  2161 | D:2      | Learned a level 2 spell: Poisonous Vapours
  2174 | D:2      | Reached XP level 4. HP: 23/26 MP: 0/7
  2431 | D:2      | Noticed a bullfrog
  2465 | D:2      | Killed a bullfrog
  2465 | D:2      | Reached XP level 5. HP: 16/33 MP: 1/8
  2756 | D:2      | Learned a level 5 spell: Venom Bolt
  2769 | D:2      | Found a sparkling altar of Nemelex Xobeh.
  2995 | D:2      | Reached skill level 1 in Armour
  3808 | D:3      | Found a glowing drain.
  3819 | D:3      | Reached XP level 6. HP: 34/38 MP: 1/9
  3836 | Sewer    | Entered a sewer
  4087 | Sewer    | Upgraded the game from 0.23-a0-241-g3b46b07 to
                  | 0.23-a0-270-gab6feb3
  4238 | D:3      | Found a transporter.
  4258 | D:3      | Found a transporter.
  4281 | D:3      | Found a shimmering altar of Xom.
  5365 | D:3      | Reached skill level 3 in Spellcasting
  5365 | D:3      | Reached XP level 7. HP: 43/43 MP: 1/11
  5510 | D:4      | Learned a level 4 spell: Olgreb's Toxic Radiance
  5772 | D:4      | Found a shadowy altar of Dithmenos.
  5866 | D:4      | Reached skill level 4 in Spellcasting
  6128 | D:4      | Found a staircase to the Ecumenical Temple.
  6293 | Temple   | Entered the Ecumenical Temple
  6396 | Temple   | Learned a level 1 spell: Pain
  6435 | Temple   | Became a worshipper of Vehumet
  6921 | D:4      | Found a sparkling altar of Nemelex Xobeh.
  6986 | D:4      | Reached skill level 5 in Spellcasting
  7005 | D:5      | Entered Level 5 of the Dungeon
  7214 | D:5      | Noticed Pikel
  7255 | D:5      | Killed Pikel
  7255 | D:5      | Reached skill level 7 in Spellcasting
  7255 | D:5      | Reached XP level 8. HP: 22/48 MP: 1/18
  7817 | D:5      | Learned a level 3 spell: Mephitic Cloud
  8144 | D:5      | Found a deep blue altar of Sif Muna.
  8484 | D:6      | Reached skill level 8 in Spellcasting
  9007 | D:6      | Reached skill level 5 in Fighting
  9007 | D:6      | Reached XP level 9. HP: 54/54 MP: 21/21
  9009 | D:6      | Got a translucent turquoise ring
  9011 | D:6      | Identified the ring of Jenlowam {+Fly rPois Str+4 SInv}
                  | (You took it off a crimson imp on level 6 of the Dungeon)
  9388 | D:6      | Got a pair of pitted boots
  9394 | D:6      | Identified the +0 pair of boots of Ydiutson {Dex+4} (You
                  | found it on level 6 of the Dungeon)
  9600 | D:6      | Noticed Grinder
  9639 | D:6      | Paralysed by Grinder for 6 turns
  9648 | D:6      | Killed Grinder
  9790 | D:6      | Got a shimmering quarterstaff
  9791 | D:6      | Identified the +4 quarterstaff "Weur Ezate" {drain, *Contam
                  | *Slow Str+7 SInv} (You found it on level 6 of the Dungeon)
  9892 | D:7      | Reached * piety under Vehumet
  9892 | D:7      | Offered knowledge of Shock by Vehumet.
  9895 | D:7      | Learned a level 1 spell: Shock
  9899 | D:7      | Learned a level 3 spell: Vampiric Draining
 10134 | D:7      | Learned a level 3 spell: Regeneration
 10436 | D:7      | Reached skill level 5 in Conjurations
 10518 | D:7      | Noticed minmay's ghost (novice OgWn)
 10520 | D:7      | Found a runed gate.
 10520 | D:7      | Found a runed gate.
 10520 | D:7      | Found a runed gate.
 10972 | D:7      | Found a roughly hewn altar of Beogh.
 10994 | D:8      | Found an iron altar of Okawaru.
 11035 | D:8      | Offered knowledge of Magic Dart by Vehumet.
 11035 | D:8      | Reached XP level 10. HP: 9/63 MP: 12/22
 11400 | D:8      | Reached ** piety under Vehumet
 12174 | D:9      | Found a staircase to the Lair.
 12561 | D:8      | Reached skill level 5 in Poison Magic
 12593 | D:8      | Got a shimmering chain mail
 12671 | D:8      | Offered knowledge of Dazzling Spray by Vehumet.
 12754 | D:8      | Killed minmay's ghost
 13116 | D:7      | Identified the +11 chain mail "Buer Nic" {*Slow rElec MR+
                  | SInv} (You took it off an orc warrior on level 8 of the
                  | Dungeon)
 13117 | D:7      | Upgraded the game from 0.23-a0-270-gab6feb3 to
                  | 0.23-a0-292-g6cc01a3
 13658 | D:9      | Reached *** piety under Vehumet
 13679 | D:9      | Reached skill level 5 in Dodging
 13889 | D:9      | Found a staircase to the Orcish Mines.
 13908 | D:9      | Upgraded the game from 0.23-a0-292-g6cc01a3 to
                  | 0.23-a0-295-g2e428d4
 14081 | D:9      | Offered knowledge of Fulminant Prism by Vehumet.
 14421 | D:9      | Found a burning altar of Makhleb.
 14501 | D:9      | Reached XP level 11. HP: 67/67 MP: 9/23
 14604 | D:9      | Upgraded the game from 0.23-a0-295-g2e428d4 to
                  | 0.23-a0-296-ga3b1b28
 14604 | D:9      | Upgraded the game from 0.23-a0-296-ga3b1b28 to
                  | 0.23-a0-299-g9a66eeb
 14739 | Lair:1   | Entered Level 1 of the Lair of Beasts
 15574 | Lair:1   | Noticed a five-headed hydra
 15586 | Lair:1   | Killed a five-headed hydra
 15780 | Lair:1   | Learned a level 4 spell: Fulminant Prism
 16453 | Lair:2   | Noticed a four-headed hydra
 16763 | Lair:2   | Reached skill level 9 in Spellcasting
 16956 | Lair:2   | Noticed Sonja
 16985 | Lair:2   | Killed Sonja
 17102 | Lair:2   | Reached **** piety under Vehumet
 17110 | Lair:2   | Offered knowledge of Lee's Rapid Deconstruction by Vehumet.
 17115 | Lair:2   | Reached skill level 10 in Spellcasting
 17156 | Lair:2   | Reached XP level 12. HP: 38/73 MP: 26/26
 17722 | Lair:1   | Killed a four-headed hydra
 18272 | Lair:2   | Reached skill level 11 in Spellcasting
 18378 | Lair:2   | Learned a level 2 spell: Blink
 18378 | Lair:2   | Upgraded the game from 0.23-a0-299-g9a66eeb to
                  | 0.23-a0-315-ga85b81c
 18601 | Lair:2   | Reached skill level 1 in Air Magic
 18771 | Lair:2   | Learned a level 5 spell: Lee's Rapid Deconstruction
 18800 | Lair:2   | Found a staircase to the Swamp.
 19328 | Lair:3   | Noticed a four-headed hydra
 19355 | Lair:2   | Killed a four-headed hydra
 19961 | Lair:3   | Reached ***** piety under Vehumet
 20275 | Lair:4   | Reached skill level 5 in Air Magic
 20276 | Lair:4   | Offered knowledge of Poison Arrow by Vehumet.
 20276 | Lair:4   | Reached XP level 13. HP: 70/78 MP: 17/28
 20303 | Lair:4   | Found a hole to the Spider Nest.
 20690 | Lair:4   | Reached skill level 10 in Dodging
 22386 | Lair:5   | Found a glowing golden altar of the Shining One.
 22473 | Lair:5   | Noticed Snorg
 22482 | Lair:5   | Killed Snorg
 22520 | Lair:5   | Learned a level 6 spell: Freezing Cloud
 22610 | Lair:5   | Noticed Kirke
 22873 | Lair:5   | Noticed a sphinx
 22877 | Lair:5   | Slain by a harpy

Vault maps used:
D:1:      onia_arrival_larder
D:2:      marbit_many_paths, chequers_big_river, minmay_crystal_room,
          nicolae_underground_beach
D:3:      corexii_shack_village, gammafunk_temple_overflow_arena,
          gup_sewer_entry_pipe
D:4:      overflow_temple_1_default, minmay_temple_entry_statues, first_ration,
          nemelex_diamond_rough_becter
D:5:      lemuel_coloured_pillars_altar, uniq_pikel
D:6:      nicolae_zen_rock_garden, uniq_grinder
D:7:      hangedman_cross_stitches, biasface_ghost_orc_armoury,
          small_statue_intersection
D:8:      cheibrodos_helix_gallery, basic_altar, blue_anna_alchemist
D:9:      kennysheep_little_box, erik_lair_orcish_takeover, david_orc_3,
          wad_rectangle_vault
Temple:   minmay_crystal_spiral_temple
Lair:1:   st_stairs_12, grunt_megastairs_2, infiniplex_staircase_pool,
          lemuel_fruit_tree
Lair:2:   lemuel_reptile_caves, nicolae_swamp_entry_splash_gauntlet,
          serial_bayou_shore_b, minmay_lair_oklob_chamber, grunt_megastairs_1,
          uniq_sonja
Lair:3:   lemuel_fruit_fields, grunt_megastairs_5, serial_bayou_shore_a,
          infiniplex_staircase_pool_2
Lair:4:   spider_nest_entry_web_field
Lair:5:   basic_altar, uniq_snorg, uniq_kirke
Sewer:    sewer_the_crocodile

Skill      XL: |  1  2  3  4  5  6  7  8  9 10 11 12 13 |
---------------+----------------------------------------+-----
Dodging        | 2 3 6 8 9 10 | 10.8
Fighting       | 1 3 4 5 7 8 |  8.0
Armour         | 2 4 |  4.0
Spellcasting   | 3 7 8 10 11 | 11.0
Conjurations   | 7 9 |  9.0
Poison Magic   | 5 |  5.0
Air Magic      | 5 7 |  7.1
Stealth        | |  2.1
Ice Magic      | |  0.5

Action                   |  1- 3 |  4- 6 |  7- 9 | 10-12 | 13-15 || total
-------------------------+-------+-------+-------+-------+-------++-------
Melee: Unarmed           |    17 |       |       |       |       ||    17
       Dagger            |    70 |   174 |   495 |       |       ||   739
       Quarterstaff      |       |       |    91 |   409 |    82 ||   582
 Cast: Sting             |    81 |    35 |    22 |    39 |       ||   177
       Poisonous Vapours |     2 |    55 |    87 |   197 |    36 ||   377
       Pain              |       |       |     2 |       |       ||     2
       Mephitic Cloud    |       |       |     8 |    36 |    18 ||    62
       Shock             |       |       |    12 |    26 |       ||    38
       Vampiric Draining |       |       |     6 |     6 |       ||    12
       Olgreb's Toxic Ra |       |       |     2 |    20 |     6 ||    28
       Venom Bolt        |       |       |       |    21 |    42 ||    63
       Fulminant Prism   |       |       |       |    25 |     6 ||    31
  Use: Scroll            |       |     8 |     5 |     7 |     4 ||    24
       Potion            |       |       |     1 |     1 |       ||     2
 Stab: Sleeping          |     1 |     2 |     4 |     1 |       ||     8
       Confused          |       |       |     1 |     5 |     3 ||     9
  Eat: Chunk             |     6 |    12 |    17 |    37 |     8 ||    80
       Ration            |       |     1 |     1 |     1 |     3 ||     6
Armor: Robe              |    23 |       |       |       |       ||    23
       Leather armour    |    24 |   104 |   233 |   261 |    28 ||   650
Dodge: Dodged            |    70 |   164 |   341 |   549 |   110 ||  1234

Table legend:
 A = Non-vault XP
 B = Vault XP
 C = Vault XP percentage of total XP
 D = Non-vault monster count
 E = Vault monster count
 F = Vault count percentage of total count
                 A         B        C        D         E       F
            +---------+---------+-------+---------+---------+-------
      Total |   32158 |   12251 |  27.6 |     332 |     126 |  27.5
            +---------+---------+-------+---------+---------+-------
        D:1 |      52 |       7 |  11.9 |      32 |       5 |  13.5
        D:2 |     229 |       7 |   3.0 |      31 |       1 |   3.1
        D:3 |      78 |     153 |  66.2 |      29 |      23 |  44.2
        D:4 |     439 |       0 |   0.0 |      23 |       0 |   0.0
        D:5 |     372 |     651 |  63.6 |      18 |       1 |   5.3
        D:6 |     691 |     258 |  27.2 |      14 |       1 |   6.7
        D:7 |     722 |     335 |  31.7 |      24 |       6 |  20.0
        D:8 |    1860 |    2103 |  53.1 |      34 |      17 |  33.3
        D:9 |    1133 |    1153 |  50.4 |      19 |      18 |  48.6
     Lair:1 |    5498 |     494 |   8.2 |      21 |       2 |   8.7
     Lair:2 |    2927 |    4938 |  62.8 |      12 |      41 |  77.4
     Lair:3 |    8093 |     736 |   8.3 |      35 |       3 |   7.9
     Lair:4 |    6103 |     185 |   2.9 |      23 |       1 |   4.2
     Lair:5 |    3961 |    1112 |  21.9 |      17 |       1 |   5.6
      Sewer |       0 |     119 | 100.0 |       0 |       6 | 100.0
            +---------+---------+-------+---------+---------+-------
